AoeStats
← LaBitas

Black Forest

510099120Analyzed
4v4 RM · 4d ago on Sep 29, 2026· 57m 43s· 8 players
Game mode
Random Map
Map size
Large (8 player)
Population
200
Speed
Normal
Resources
Standard
Victory
Conquest
Starting age
Dark Age
Ending age
Imperial Age
RankedLock teamsTeams togetherTeam positionsShared explorationLock speedFull tech treeHidden civsTurbo modeCheats
Victory
Defeat
🇹🇼 Bohemians · Taiwan
1382
+15
🇭🇰 Varangians · Hong Kong SAR China
1351
+16
🇫🇷 Burgundians · France
1345
+17
🇨🇳 Mongols · China
1341
+17
🇹🇷 Japanese · Türkiye
1410
-18
🇺🇸 Portuguese · United States
1398
-18
🇫🇷 Ethiopians · France
1371
-17
🇫🇷 Armenians · France
1261
-12
Si TôT
7:29 Loom
11:34 Feudal Age
15:43 Castle Age
14:30 Double-Bit Axe
15:00 Horse Collar
17:41 Forging
18:09 Husbandry
21:14 Wheelbarrow
29:09 Town Watch
29:23 Stone Mining
29:24 Gold Mining
33:46 Imperial Age
31:33 Hand Cart
31:21 Heavy Plow
32:05 Scale Barding Armor
32:36 Bow Saw
33:01 Burgundian Vineyards
33:40 Scale Barding Armor
34:30 Iron Casting
33:58 Scale Mail Armor
33:24 Cavalier
34:48 Chain Barding Armor
35:24 Gold Shaft Mining
35:31 Paladin
38:09 Crop Rotation
38:52 Plate Barding Armor
40:33 Blast Furnace
43:48 Light Cavalry
44:18 Pikeman
44:21 Man-at-Arms
45:03 Squires
44:48 Arson
45:05 Scale Mail Armor
45:06 Long Swordsman
46:04 Chain Mail Armor
46:40 Hussar
47:53 Plate Mail Armor
46:45 Pikeman
47:33 Two-Handed Swordsman
47:43 Halberdier
50:17 Champion
S.T.A.R.S. Wesker
0:49 Loom
12:27 Feudal Age
16:16 Castle Age
14:06 Double-Bit Axe
15:01 Horse Collar
24:36 Imperial Age
22:43 Bow Saw
24:39 Wheelbarrow
25:46 Heavy Plow
29:13 Onager
30:24 Conscription
29:59 Fletching
31:16 Siege Engineers
31:33 Ballistics
32:26 Chemistry
31:32 Siege Engineers
31:55 Siege Onager
33:34 Drill
35:07 Chemistry
35:03 Bodkin Arrow
35:43 Ballistics
35:55 Bracer
35:57 Padded Archer Armor
36:34 Hand Cart
36:36 Town Watch
37:55 Leather Archer Armor
39:05 Elite Mangudai
40:30 Caravan
52:36 Capped Ram
54:14 Siege Ram
popo770723
2:10 Loom
12:14 Feudal Age
16:52 Castle Age
15:50 Double-Bit Axe
16:36 Horse Collar
19:26 Heavy Plow
22:26 Bow Saw
29:01 Imperial Age
27:50 Wheelbarrow
27:54 Fervor
28:17 Forging
28:07 Scale Mail Armor
29:56 Chemistry
30:21 Conscription
29:32 Pikeman
30:12 Squires
30:50 Iron Casting
30:31 Chain Mail Armor
31:04 Hand Cart
30:39 Town Watch
33:19 Blast Furnace
32:24 Halberdier
33:18 Town Patrol
35:40 Plate Mail Armor
35:02 Fletching
36:14 Arson
36:49 Wagenburg Tactics
38:33 Houfnice
39:38 Ballistics
43:25 Siege Engineers
45:26 Elite Hussite Wagon
cls
7:30 Loom
11:19 Feudal Age
12:16 Double-Bit Axe
12:13 Horse Collar
16:44 Castle Age
15:12 Gold Mining
17:36 Bow Saw
20:49 Wheelbarrow
21:01 Heavy Plow
20:58 Stone Mining
22:55 Hand Cart
22:25 Town Watch
24:31 Stone Shaft Mining
24:13 Forging
24:08 Scale Barding Armor
27:38 Iron Casting
27:23 Chain Barding Armor
30:33 Imperial Age
28:08 Scale Mail Armor
28:28 Bloodlines
28:18 Husbandry
29:53 Masonry
29:23 Treadmill Crane
31:58 Conscription
30:59 Elite Jarl
31:06 Light Cavalry
33:04 Blast Furnace
32:39 Plate Barding Armor
31:44 Vendel Legacy
33:15 Caravan
34:14 Plate Barding Armor
35:22 Two-Man Saw
35:14 Crop Rotation
37:27 Fletching
37:52 Chain Mail Armor
38:39 Chemistry
38:01 Ballistics
38:02 Hussar
43:07 Bodkin Arrow
43:13 Padded Archer Armor
43:43 Plate Mail Armor
43:19 Siege Engineers
43:09 Murder Holes
43:45 Architecture
43:26 Fortified Wall
47:08 Guard Tower
48:19 Coinage
47:59 Guilds
47:24 Pikeman
48:05 Squires
47:50 Arson
51:26 Cavalier
55:01 Capped Ram
55:52 Siege Ram
IDWARE21
1:44 Loom
11:50 Feudal Age
15:23 Double-Bit Axe
15:34 Fletching
17:45 Castle Age
15:29 Horse Collar
16:25 Gold Mining
18:00 Crossbowman
18:49 Bodkin Arrow
21:57 Wheelbarrow
22:20 Padded Archer Armor
23:03 Bow Saw
23:55 Leather Archer Armor
27:23 Stone Mining
27:53 Hand Cart
27:24 Town Watch
36:00 Imperial Age
35:17 Ballistics
34:38 Treadmill Crane
34:55 Murder Holes
34:45 Pikeman
35:11 Gambesons
35:30 Scale Mail Armor
35:40 Forging
36:07 Guard Tower
36:30 Masonry
37:50 Chemistry
39:23 Two-Man Saw
38:52 Arquebus
39:13 Conscription
39:19 Thumb Ring
39:56 Siege Engineers
40:14 Heavy Plow
41:46 Caravan
43:47 Bombard Tower
44:02 Keep
43:38 Bracer
43:00 Arbalester
44:53 Ring Archer Armor
48:25 Masonry
48:26 Fortified Wall
52:43 Architecture
Kayou
11:26 Feudal Age
15:25 Castle Age
13:34 Double-Bit Axe
13:37 Horse Collar
13:24 Man-at-Arms
16:17 Long Swordsman
17:48 Bow Saw
19:48 Scale Mail Armor
20:39 Squires
21:19 Loom
26:35 Two-Handed Swordsman
27:28 Forging
32:45 Wheelbarrow
33:09 Chain Mail Armor
33:12 Gold Mining
33:13 Stone Mining
33:23 Stone Mining
33:31 Gambesons
40:48 Imperial Age
39:08 Caravan
39:28 Hand Cart
38:59 Town Watch
39:52 Iron Casting
39:00 Pikeman
39:42 Champion
42:20 Gold Shaft Mining
42:16 Fereters
43:18 Plate Mail Armor
44:09 Conscription
47:59 Blast Furnace
LaBitas
11:58 Feudal Age
13:37 Double-Bit Axe
16:21 Castle Age
18:02 Town Watch
20:32 Loom
20:57 Horse Collar
26:09 Heavy Plow
26:21 Bow Saw
28:31 Wheelbarrow
32:00 Imperial Age
32:45 Torsion Engines
33:05 Siege Engineers
34:05 Gold Mining
33:44 Onager
36:05 Chemistry
35:37 Scale Mail Armor
35:48 Forging
37:06 Chain Mail Armor
37:26 Iron Casting
38:07 Plate Mail Armor
39:08 Two-Man Saw
38:07 Elite Shotel Warrior
39:50 Blast Furnace
40:21 Royal Heirs
ValerioN__
10:08 Feudal Age
13:42 Castle Age
12:02 Double-Bit Axe
12:34 Horse Collar
15:17 Bow Saw
15:58 Heavy Plow
21:26 Stone Mining
25:50 Wheelbarrow
25:08 Gold Mining
28:38 Imperial Age
25:53 Treadmill Crane
26:24 Fletching
27:45 Hand Cart
28:09 Gold Shaft Mining
27:42 Bodkin Arrow
28:09 Ballistics
27:40 Guard Tower
27:39 Loom
28:51 Yasama
29:44 Conscription
30:22 Bracer
31:55 Two-Man Saw
30:46 Town Watch
32:11 Keep
31:22 Arrowslits
32:37 Chemistry
31:52 Masonry
32:07 Kataparuto
32:44 Siege Engineers
32:32 Pikeman
33:13 Squires
33:45 Town Patrol
34:11 Padded Archer Armor
34:14 Scale Mail Armor
34:26 Forging
34:12 Murder Holes
34:57 Hoardings
35:47 Halberdier
36:43 Chain Mail Armor
37:04 Iron Casting
36:47 Caravan
37:50 Arson
38:36 Plate Mail Armor
40:43 Blast Furnace
46:45 Fortified Wall
Connection lost

Rejoining the realm…

Still unreachable

The connection could not be restored.

Session expired

The server has moved on; the page needs a fresh start.